 Dungeon Crawl Stone Soup version 0.23.0 (console) character file.

Game seed: 8991436419928623399

4239 Garrluk the Cleaver (level 10, -1/81 HPs)
             Began as a Deep Dwarf Fighter on Feb 17, 2019.
             Was a Follower of the Shining One.
             Slain by a worker ant (2 damage)
             ... on level 9 of the Dungeon.
             The game lasted 00:13:27 (2562 turns).

Garrluk the Cleaver (Deep Dwarf Fighter)            Turns: 2562, Time: 00:13:27

Health: -1/81      AC:  7    Str: 21    XL:     10   Next: 9%
Magic:  15/15      EV:  9    Int: 10    God:    the Shining One [*.....]
Gold:   137        SH:  9    Dex: 15    Spells: 9/9 levels left

rFire    . . .     SeeInvis .   a - +1 war axe
rCold    . . .     Gourm    .   c - +0 shield
rNeg     . . .     Faith    .   y - +0 ring mail of Duty {Regen+ Str+2 Stlth-} (curse)
rPois    +         Spirit   .   p - +1 hat
rElec    .         Reflect  .   (no cloak)
rCorr    .         Harm     .   (no gloves)
MR       +....                  g - +0 pair of boots (curse)
Stlth    ..........             x - amulet of regeneration
HPRegen  0.00/turn              o - ring of poison resistance
MPRegen  0.14/turn              w - ring of flight

@: non-regenerating, glowing, lightly drained
A: damage resistance, heal wounds, sense surroundings 2, no regeneration
a: Heal Wounds, Renounce Religion, Evoke Flight


You were on level 9 of the Dungeon.
You worshipped the Shining One.
The Shining One was aware of your devotion.
You were not hungry.

You visited 2 branches of the dungeon, and saw 10 of its levels.

You collected 137 gold pieces.

Inventory:

Hand Weapons
 a - a +1 war axe (weapon)
Armour
 b - a +0 scale mail
 c - a +0 shield (worn)
 g - a cursed +0 pair of boots (worn)
 p - a +1 hat (worn)
 y - the cursed +0 ring mail of Duty (worn) {Regen+ Str+2 Stlth-}
   (You found it on level 6 of the Dungeon)

   It affects your strength (+2).
   It increases your rate of regeneration.
   It makes you less stealthy.
   It has a curse placed upon it.
 z - a +2 chain mail of poison resistance
Jewellery
 o - a ring of poison resistance (left hand)
 w - a ring of flight (right hand)
 x - an amulet of regeneration (around neck)
Wands
 d - a wand of paralysis (8)
Scrolls
 e - a scroll of blinking
 h - 2 scrolls of fog
 q - a scroll of teleportation
 s - a scroll of fear
 t - a scroll of enchant weapon
Potions
 i - a potion of resistance
 j - a potion of haste {unknown}
 k - a potion of magic {unknown}
 m - a potion of cancellation {unknown}
 n - a potion of curing
 r - a potion of agility
 u - a potion of lignification {unknown}
 v - 2 potions of flight {unknown}
Comestibles
 f - 6 rations
 l - 3 chunks of flesh


   Skills:
 - Level 2.6(2.1) Fighting
 * Level 14.0(13.3) Axes
 - Level 3.2(2.7) Armour
 - Level 3.0(2.5) Dodging
 - Level 0.1(0.0) Stealth
 - Level 3.2(2.7) Shields
 + Level 6.8(6.2) Invocations


You had 9 spell levels left.
You didn't know any spells.
Your spell library was empty.

Dungeon Overview and Level Annotations

Branches:
Dungeon (9/15)             Temple (1/1) D:6
   Lair: D:8-11         Orc: D:9-12

Altars:
Ashenzari
Cheibriados
Dithmenos
Fedhas
Gozag
Hepliaklqana
Makhleb
Qazlal
Ru
Sif Muna
Trog
Uskayaw
Vehumet
Xom
Yredelemnul
Zin
The Shining One

Annotations:
D:3 3 runed translucent doors, Kagamaro's ghost, amateur OpTm


Innate Abilities, Weirdness & Mutations

You are resistant to damage.
You can heal yourself by infusing magical energy.
You passively map the area around you.
You do not regenerate.


Message History

The centaur drinks a potion.
The centaur seems to grow stronger.
The centaur shoots an arrow.
The arrow hits you!
* * * LOW HITPOINT WARNING * * *
You see here an arrow.
The centaur unwields a +0 shortbow.
You block the centaur's attack.
You slash the centaur!
The centaur is heavily wounded.
You block the centaur's attack.
You hit the centaur.
The centaur is heavily wounded.
You hit the worker ant but do no damage.
You block the centaur's attack. You block the worker ant's attack.
The centaur hits you!
* * * LOW HITPOINT WARNING * * *
The worker ant barely misses you.
You slash the centaur!
The centaur is almost dead.
You hit the worker ant but do no damage.
The centaur hits you!
* * * LOW HITPOINT WARNING * * *
The worker ant bites you.
You die...

..... ,,
..#.#..#
....##, , ,
..##...# ..###*
* .. #....# , ,
.....#.##.## **
** * ... #.##.#
* *** *..
#.##.# , #.
#.##.# ** *
##.##.##.# **
#####...#.##.#
,
,......#...##.#
* #.a@((((.#
##c#.##### ,
#.#.# #.#.# , *
....#* * *
..... * , ,, *
#..... * * , *
##.### * * * ,
*, ** * * * ,


You could see a centaur and a worker ant.

Vanquished Creatures
  Harold (D:8)
  A two-headed ogre (D:8)
  A hippogriff (D:7)
  Sigmund (D:4)
  Eustachio (D:4)
  A hungry ghost (D:9)
  An ice beast (D:8)
  A black bear (D:8)
  3 sky beasts
  2 phantoms
  3 centaurs
  An ogre (D:5)
  3 bullfrogs
  3 scorpions
  11 wights
  A crimson imp (D:5)
  A bullfrog skeleton (D:6)
  A hound (D:7)
  3 orc wizards
  2 iguanas
  Natasha (D:4)
  5 worker ants
  A hound skeleton (D:5)
  A howler monkey zombie (D:5)
  9 adders
  An adder zombie (D:5)
  2 adder skeletons
  2 worms
  A dart slug (D:2)
  2 leopard geckos
  8 orcs
  2 giant cockroaches
  4 goblins
  A hobgoblin (D:3)
  4 jackals
  2 kobolds
  5 quokkas
  2 bats (D:2)
  3 frilled lizards
  A quokka zombie (D:6)
  2 rats
101 creatures vanquished.

Notes
Turn   | Place    | Note
-------+----------+-------------------------------------------
     0 | D:1      | Garrluk the Deep Dwarf Fighter began the quest for the Orb.
     0 | D:1      | Reached XP level 1. HP: 20/20 MP: 1/1
    75 | D:2      | Reached skill level 3 in Axes
    83 | D:2      | Reached XP level 2. HP: 25/27 MP: 2/2
   205 | D:2      | Reached skill level 4 in Axes
   205 | D:2      | Reached XP level 3. HP: 22/33 MP: 3/3
   304 | D:2      | Reached XP level 4. HP: 34/40 MP: 4/4
   337 | D:3      | Reached skill level 5 in Axes
   371 | D:3      | Found a runed translucent gate.
   371 | D:3      | Found a runed translucent gate.
   371 | D:3      | Found a runed translucent gate.
   396 | D:3      | Noticed Kagamaro's ghost (amateur OpTm)
   454 | D:4      | Noticed Eustachio
   462 | D:4      | Noticed a phantom
   486 | D:4      | Killed Eustachio
   486 | D:4      | Reached skill level 6 in Axes
   486 | D:4      | Reached skill level 1 in Dodging
   486 | D:4      | Reached XP level 5. HP: 30/46 MP: 5/5
   495 | D:4      | Killed a phantom
   495 | D:4      | Reached skill level 7 in Axes
   495 | D:4      | Reached XP level 6. HP: 36/55 MP: 6/6
   497 | D:4      | Found a sacrificial altar of Ru.
   497 | D:4      | Found a shimmering altar of Xom.
   500 | D:4      | Found a glowing silver altar of Zin.
   516 | D:4      | Noticed Sigmund
   623 | D:4      | Killed Sigmund
   623 | D:4      | Reached skill level 8 in Axes
   623 | D:4      | Reached XP level 7. HP: 27/61 MP: 7/7
   777 | D:4      | Noticed Natasha
   787 | D:4      | Killed Natasha
   812 | D:4      | Reached skill level 9 in Axes
   830 | D:5      | Entered Level 5 of the Dungeon
  1123 | D:5      | Reached skill level 10 in Axes
  1123 | D:5      | Reached XP level 8. HP: 47/68 MP: 8/8
  1654 | D:5      | Reached skill level 11 in Axes
  1893 | D:6      | Found a staircase to the Ecumenical Temple.
  1895 | D:6      | Got an encrusted ring mail
  1906 | D:6      | Identified the cursed +0 ring mail of Duty {Regen+ Str+2
                  | Stlth-} (You found it on level 6 of the Dungeon)
  1916 | Temple   | Entered the Ecumenical Temple
  1968 | Temple   | Became a worshipper of the Shining One
  2031 | D:6      | Found a burning altar of Makhleb.
  2191 | D:7      | Noticed a hippogriff
  2211 | D:7      | Killed a hippogriff
  2211 | D:7      | Reached skill level 12 in Axes
  2211 | D:7      | Reached skill level 1 in Invocations
  2211 | D:7      | Gained mutation: You passively map the area around you.
                  | [Deep Dwarf growth]
  2211 | D:7      | Reached XP level 9. HP: 50/74 MP: 8/10
  2247 | D:8      | Noticed Harold
  2267 | D:8      | Killed Harold
  2267 | D:8      | Reached skill level 13 in Axes
  2267 | D:8      | Reached skill level 5 in Invocations
  2269 | D:8      | Noticed a two-headed ogre
  2277 | D:8      | Killed a two-headed ogre
  2306 | D:8      | Reached XP level 10. HP: 29/81 MP: 14/14
  2450 | D:9      | Reached * piety under the Shining One
  2499 | D:9      | Reached skill level 14 in Axes
  2562 | D:9      | HP: 1/81 [centaur (7)]
  2562 | D:9      | Slain by a worker ant

Skill      XL: |  1  2  3  4  5  6  7  8  9 10 |
---------------+-------------------------------+-----
Axes           | 3 4 6 7 8 10 12 13 14 | 14.0
Dodging        | 1 2 3 |  3.0
Invocations    | 1 6 |  6.8
Fighting       | |  2.6
Armour         | |  3.2
Stealth        | |  0.1
Shields        | |  3.2

Action                   |  1- 3 |  4- 6 |  7- 9 | 10-12 || total
-------------------------+-------+-------+-------+-------++-------
Melee: War axe           |    70 |    69 |   280 |    46 ||   465
 Abil: Heal Wounds       |     1 |       |    11 |     2 ||    14
  Use: Potion            |       |     1 |     1 |       ||     2
       Scroll            |       |       |     8 |       ||     8
  Eat: Chunk             |       |       |     3 |     1 ||     4
       Ration            |       |       |     1 |       ||     1
Armor: Scale mail        |    32 |    35 |    87 |       ||   154
       Ring mail         |       |       |    22 |     7 ||    29
Dodge: Dodged            |    36 |    23 |    82 |    11 ||   152
Block: Shield            |    49 |    41 |   133 |    24 ||   247
